 Dungeon Crawl Stone Soup version 0.22.1-2-g9c5b331383 (webtiles) character file.

2785 Peloso the Carver (level 9, -2/77 (78) HPs)
             Began as a Minotaur Fighter on Jan 5, 2019.
             Engulfed by a cloud of flame (10 damage)
             ... on level 7 of the Dungeon.
             The game lasted 00:11:33 (5828 turns).

Peloso the Carver (Minotaur Fighter)                Turns: 5828, Time: 00:11:34

HP:   -2/77 (78)    AC: 12    Str: 27    XL:     9   Next: 43%
MP:   8/8           EV: 10    Int:  5    God:
Gold: 391           SH: 14    Dex: 12    Spells: 8/8 levels left

rFire    . . .     SeeInvis .   a - +0 long sword
rCold    . . .     Gourm    .   c - +2 shield
rNeg     . . .     Faith    .   b - +0 scale mail
rPois    +         Spirit   .   (helmet restricted)
rElec    .         Reflect  .   o - +0 cloak
rCorr    +         Harm     .   (no gloves)
MR       .....                  E - +2 pair of boots
Stlth    ..........             z - amulet of rage
HPRegen  0.22/turn              e - ring of resist corrosion
MPRegen  0.11/turn              B - ring of poison resistance

@: mighty
A: retaliatory headbutt, horns 2
a: Evoke Berserk Rage


You were on level 7 of the Dungeon.
You were not hungry.

You visited 1 branch of the dungeon, and saw 7 of its levels.

You collected 391 gold pieces.

Inventory:

Hand Weapons
 a - a +0 long sword (weapon)
 h - a +1 spear of flaming
Armour
 b - a +0 scale mail (worn)
 c - a +2 shield (worn)
 o - a +0 cloak (worn)
 E - a +2 pair of boots (worn)
Jewellery
 e - a ring of resist corrosion (left hand)
 r - an uncursed ring of magical power
 u - an uncursed ring of positive energy
 z - an amulet of rage (around neck)
 B - a ring of poison resistance (right hand)
 G - the amulet "Mifud" {RegenMP *Slow +Fly MR+ SInv, unknown}
   (You took it off a centaur on level 7 of the Dungeon)

   [amulet of magic regeneration]

   It increases your magic regeneration.
   It affects your resistance to hostile enchantments.
   It lets you see invisible.
   It lets you fly.
   It may slow you when you take damage.
Scrolls
 g - 7 scrolls of enchant weapon {unknown}
 i - 7 scrolls of identify {unknown}
 m - 8 scrolls of remove curse {unknown}
 q - 3 scrolls of magic mapping {unknown}
 s - 2 scrolls of teleportation {unknown}
 w - 6 scrolls of amnesia {unknown}
 x - a scroll of random uselessness {unknown}
 y - 4 scrolls of enchant armour {unknown}
 C - a scroll of noise {unknown}
 D - 2 scrolls of fear {unknown}
 H - a scroll of vulnerability {unknown}
Potions
 d - a potion of might
 j - a potion of brilliance {unknown}
 k - a potion of invisibility {unknown}
 l - 4 potions of flight {unknown}
 n - 4 potions of lignification {unknown}
 p - 3 potions of agility {unknown}
 t - 4 potions of curing {unknown}
 v - a potion of resistance {unknown}
 A - 2 potions of haste {unknown}
 F - a potion of degeneration {unknown}
Miscellaneous
 I - a box of beasts
 J - a phantom mirror
Comestibles
 f - 9 rations


   Skills:
 + Level 6.9 Fighting
 + Level 9.4 Long Blades
 + Level 7.8 Armour
 + Level 3.8 Dodging
 + Level 1.1 Stealth
 + Level 8.2 Shields


You had 8 spell levels left.
You didn't know any spells.
Your spell library contained the following spells:

 Spells                   Type           Power        Failure   Level  Hunger
 Magic Dart               Conj           #...         95%         1    ##.....
 Sting                    Conj/Pois      #...         95%         1    ##.....
 Blink                    Tloc           N/A          98%         2    ###....
 Call Imp                 Summ           #.......     98%         2    ###....
 Slow                     Hex            #.......     98%         2    ###....
 Conjure Flame            Conj/Fire      #.......     100%        3    ####...
 Lesser Beckoning         Tloc           #.........   100%        3    ####...
 Mephitic Cloud           Conj/Pois/Air  #.......     100%        3    ####...
 Portal Projectile        Hex/Tloc       #.....       100%        3    ####...
 Spider Form              Tmut/Pois      #.........   100%        3    ####...
 Force Lance              Conj/Tloc      #.......     100%        4    #####..
 Summon Forest            Summ/Tloc      #.........   100%        5    ######.


Dungeon Overview and Level Annotations

Branches:
Dungeon (7/15)
 Temple: D:4-7

Altars:
Ashenzari
Elyvilon
Fedhas
Gozag
Qazlal
Ru
Sif Muna
Zin
The Shining One


Innate Abilities, Weirdness & Mutations

You reflexively headbutt those who attack you in melee.
You have a pair of horns on your head.


Message History

The fire crab breathes flames at you. The blast of flame engulfs you!
You hit the fire crab.
The fire crab is heavily wounded.
You are engulfed in blazing flames.
* * * LOW HITPOINT WARNING * * *
You block the fire crab's attack. The fire crab closely misses you.
You slash the fire crab!
The fire crab is almost dead.
You are engulfed in blazing flames.
* * * LOW HITPOINT WARNING * * *
The fire crab bites you but does no damage.
The fire crab barely misses you.
You slash the fire crab!
You kill the fire crab!
Your Long Blades skill increases to level 9!
Your Stealth skill increases to level 1!
Your Shields skill increases to level 8!
You are engulfed in blazing flames.
You die...

###...........#...#.#.......#.#.
##.........###..'((...⌠((.##'.
#........## ##.#.#...[...#.#.
##.......# #.#.##(....##.#.
#.......# #.##.##.).##.##.
#......## #..##.#####.##..
#......# ###...##..#..##..#
#......####......###'###..#.
###..........@................
#..........)....###.........##
#.............###........###..
##..#......#####...####...#
#..###)....###...## ##..##
#...#..........### ##..##
#.......#......# ##..## ##
##..............# #...#
.###..#.........##.## ##...


There were no monsters in sight!

Vanquished Creatures
  A fire crab (shapeshifter) (D:7)
  Sigmund (D:5)
  A wraith (D:7)
  An ice beast (D:6)
  A necrophage (D:7)
  A phantom (D:4)
  4 ogres
  3 centaurs
  2 bullfrogs (D:6)
  2 gnoll sergeants (D:6)
  2 scorpions (D:6)
  A howler monkey (D:4)
  3 crimson imps
  A quasit (D:7)
  2 hounds (D:7)
  3 orc wizards
  An orc priest (D:4)
  2 worker ants
  A howler monkey zombie (D:7)
  13 gnolls
  4 adders
  An adder zombie (D:7)
  4 worms
  2 dart slugs (D:1)
  5 leopard geckos
  23 orcs
  3 ball pythons
  7 bats
  5 giant cockroaches
  8 goblins
  3 hobgoblins
  4 jackals
  3 quokkas
  7 frilled lizards
  5 kobolds
  A leopard gecko zombie (D:6)
  10 rats
141 creatures vanquished.

Vanquished Creatures (others)
  A sky beast (D:6)
1 creature vanquished.

Grand Total: 142 creatures vanquished

Notes
Turn   | Place    | Note
-------+----------+-------------------------------------------
     0 | D:1      | Peloso the Minotaur Fighter began the quest for the Orb.
     0 | D:1      | Reached XP level 1. HP: 19/19 MP: 0/0
    67 | D:1      | Reached XP level 2. HP: 20/27 MP: 1/1
   712 | D:1      | Reached XP level 3. HP: 33/33 MP: 2/2
   920 | D:2      | Reached skill level 3 in Long Blades
  1058 | D:2      | You fall through a shaft!
  1203 | D:3      | Reached XP level 4. HP: 30/40 MP: 3/3
  1318 | D:3      | Found a blossoming altar of Fedhas.
  1948 | D:3      | Found a stormy altar of Qazlal.
  2221 | D:4      | Noticed a phantom
  2230 | D:4      | Reached XP level 5. HP: 41/47 MP: 4/4
  2253 | D:4      | Reached skill level 4 in Long Blades
  2288 | D:4      | Killed a phantom
  2288 | D:4      | Reached skill level 5 in Shields
  2406 | D:4      | Found a shattered altar of Ashenzari.
  2730 | D:4      | Reached skill level 1 in Dodging
  2730 | D:4      | Reached XP level 6. HP: 51/55 MP: 5/5
  2758 | D:4      | Reached skill level 5 in Long Blades
  2780 | D:4      | Reached skill level 5 in Armour
  2898 | D:4      | Found an opulent altar of Gozag.
  2943 | D:5      | Entered Level 5 of the Dungeon
  2971 | D:5      | Identified the Incunabulum of Orientation and Poisoning
  3037 | D:5      | Reached skill level 5 in Fighting
  3102 | D:5      | Noticed Sigmund
  3111 | D:5      | Killed Sigmund
  3111 | D:5      | Reached XP level 7. HP: 59/61 MP: 6/6
  3325 | D:5      | Found a sacrificial altar of Ru.
  3326 | D:5      | Found a deep blue altar of Sif Muna.
  3610 | D:6      | Reached skill level 6 in Long Blades
  4324 | D:6      | Reached XP level 8. HP: 63/70 MP: 7/7
  4478 | D:6      | Reached skill level 7 in Long Blades
  5044 | D:7      | Found a glowing golden altar of the Shining One.
  5044 | D:7      | Found a white marble altar of Elyvilon.
  5046 | D:7      | Found a glowing silver altar of Zin.
  5234 | D:7      | Reached skill level 8 in Long Blades
  5562 | D:7      | Reached XP level 9. HP: 53/77 MP: 8/8
  5777 | D:7      | Got a transparent diamond amulet
  5818 | D:7      | Noticed a fire crab
  5828 | D:7      | Killed a fire crab
  5828 | D:7      | Reached skill level 9 in Long Blades
  5828 | D:7      | Reached skill level 1 in Stealth
  5828 | D:7      | Engulfed by a cloud of flame

Skill      XL: |  1  2  3  4  5  6  7  8  9 |
---------------+----------------------------+-----
Shields        | 4 5 6 7 8 |  8.2
Armour         | 4 5 6 7 |  7.8
Fighting       | 4 5 6 |  6.9
Long Blades    | 3 4 5 6 8 9 |  9.4
Dodging        | 1 2 3 |  3.8
Stealth        | 1 |  1.1

Action                   |  1- 3 |  4- 6 |  7- 9 || total
-------------------------+-------+-------+-------++-------
Melee: Long sword        |   110 |   134 |   240 ||   484
       Headbutt          |    20 |    31 |    45 ||    96
  Use: Potion            |       |       |     1 ||     1
  Eat: Chunk             |       |     7 |     6 ||    13
       Ration            |       |       |     1 ||     1
Armor: Scale mail        |    47 |    36 |    71 ||   154
Dodge: Dodged            |    24 |    33 |   101 ||   158
Block: Shield            |    62 |    64 |   189 ||   315
       Rpst.: Long sword |     6 |     9 |    18 ||    33
